 Dungeon Crawl Stone Soup version 0.25-a0-420-g1cc7eeb0d1 (webtiles) character file.

Game seed: 12200271165429629715, levelgen mode: deterministic

150 tilp the Charmwright (level 5, 0/43 HPs)
             Began as a Gnoll Skald on Jan 18, 2020.
             Slain by a hobgoblin
             ... wielding a +0 club
             ... led by Robin
              (6 damage)
             ... on level 3 of the Dungeon.
             The game lasted 00:03:43 (1923 turns).

tilp the Charmwright (Gnoll Skald)                  Turns: 1923, Time: 00:03:44

Health: 0/43       AC:  3    Str: 14    XL:     5   Next: 32%
Magic:  7/12       EV: 14    Int: 16    God:
Gold:   163        SH:  0    Dex: 14    Spells: 3/14 levels left

rFire    . . .     SeeInvis .   a - +0 falchion
rCold    . . .     Gourm    .   (no shield)
rNeg     . . .     Faith    .   b - +0 leather armour
rPois    .         Spirit   .   (no helmet)
rElec    .         Reflect  .   (no cloak)
rCorr    .         Harm     .   (no gloves)
MR       .....                  (no boots)
Stlth    ++........             (no amulet)
HPRegen  0.14/turn              (no ring)
MPRegen  0.13/turn              (no ring)

@: no status effects
A: distributed training, fangs 1, strong nose
a: no special abilities


You were on level 3 of the Dungeon.
You were not hungry.

You visited 1 branch of the dungeon, and saw 3 of its levels.

You collected 163 gold pieces.

Inventory:

Hand Weapons
 a - a +0 falchion (weapon)
 m - a +0 hunting sling
Missiles
 f - 51 sling bullets
 g - 70 stones (quivered)
 j - 55 bolts
Armour
 b - a +0 leather armour (worn)
Jewellery
 l - an uncursed amulet of guardian spirit {unknown}
Scrolls
 e - a scroll of magic mapping
 k - a scroll of identify {unknown}
Potions
 h - a potion of lignification {unknown}
 i - 2 potions of curing
Comestibles
 c - 13 chunks of flesh
 d - 6 rations


   Skills:
 + Level 4.7 Fighting
 + Level 1.4 Short Blades
 + Level 4.7 Long Blades
 + Level 1.4 Axes
 + Level 1.4 Maces & Flails
 + Level 1.4 Polearms
 + Level 1.4 Staves
 + Level 1.4 Slings
 + Level 1.4 Bows
 + Level 1.4 Crossbows
 + Level 1.4 Throwing
 + Level 2.9 Armour
 + Level 4.7 Dodging
 + Level 1.4 Stealth
 + Level 1.4 Shields
 + Level 1.4 Unarmed Combat
 + Level 5.2 Spellcasting
 + Level 1.1 Conjurations
 + Level 1.1 Hexes
 + Level 5.5 Charms
 + Level 1.1 Summonings
 + Level 1.1 Necromancy
 + Level 1.1 Translocations
 + Level 1.1 Transmutations
 + Level 1.1 Fire Magic
 + Level 1.1 Ice Magic
 + Level 1.1 Air Magic
 + Level 1.1 Earth Magic
 + Level 1.1 Poison Magic
 + Level 1.6 Invocations
 + Level 1.4 Evocations


You had 3 spell levels left.
You knew the following spells:

 Your Spells              Type           Power        Failure   Level  Hunger
a - Infusion              Chrm           ###.         1%          1    None
b - Song of Slaying       Chrm           ###.....     2%          2    #......
c - Shroud of Golubria    Chrm/Tloc      ##....       7%          2    #......
d - Ozocubu's Armour      Chrm/Ice       ##......     14%         3    ###....
e - Spectral Weapon       Hex/Chrm       ##......     14%         3    ###....

Your spell library contained the following spells:

 Spells                   Type           Power        Failure   Level  Hunger


Dungeon Overview and Level Annotations

Branches:
Dungeon (3/15)

Altars:
Nemelex Xobeh

Annotations:
D:2 exclusions: ogre and ooze


Innate Abilities, Weirdness & Mutations

Your experience applies equally to all skills.
You have very sharp teeth.
Your uncanny sense of smell can sniff out nearby items.


Message History

Unknown command.
You hit Robin.
Robin is almost dead.
Your spectral weapon closely misses Robin.
The hobgoblin hits you with a +0 club.
* * * LOW HITPOINT WARNING * * *
Robin hits you with a +0 vampiric trident.
* * * LOW HITPOINT WARNING * * *
You hit Robin.
You kill Robin!
The hobgoblin hits you with a +0 club.
* * * LOW HITPOINT WARNING * * *
You hit the hobgoblin.
The hobgoblin is severely wounded.
The hobgoblin hits you but does no damage.
You hit the hobgoblin.
The hobgoblin is severely wounded.
Your spectral weapon fades away.
The hobgoblin hits you with a +0 club.
You die...

#. ∆ ..... #. #..)# ..
#...# #.#### #...# #.#.^
#### ##...###### #.#.#
..... ..........##
#g#.###.....
...........####.@)#.......
...........##...)÷........
.#...#.###.##.###)#)#.....
.#...#.# #.##. #).....##
.#...#.# #....###(..#.##
.#...#.# #...(.###.#
.#...#.# ####..####.#
.......# #..........#
.....##### #.##.##.####


You could see a hobgoblin.

Vanquished Creatures
  A bullfrog skeleton (D:2)
  Robin (D:3)
  4 adders
  2 worms
  A dart slug (D:3)
  A leopard gecko (D:1)
  5 orcs (D:3)
  3 ball pythons
  3 giant cockroaches
  12 goblins
  5 hobgoblins
  4 jackals (D:1)
  8 kobolds
  A bat (D:1)
  A frilled lizard (D:1)
  6 rats
58 creatures vanquished.

Vanquished Creatures (others)
  A spectral weapon (D:2)
1 creature vanquished.

Grand Total: 59 creatures vanquished

Notes
Turn   | Place    | Note
-------+----------+-------------------------------------------
     0 | D:1      | tilp the Gnoll Skald began the quest for the Orb.
     0 | D:1      | Reached XP level 1. HP: 20/20 MP: 6/6
    48 | D:1      | Reached XP level 2. HP: 26/26 MP: 7/7
    52 | D:1      | Learned a level 2 spell: Song of Slaying
    55 | D:1      | Learned a level 2 spell: Shroud of Golubria
   491 | D:1      | Reached XP level 3. HP: 23/31 MP: 9/9
   576 | D:1      | Reached skill level 5 in Spellcasting
   649 | D:1      | Learned a level 3 spell: Ozocubu's Armour
   653 | D:1      | Learned a level 3 spell: Spectral Weapon
   719 | D:2      | Reached skill level 1 in Invocations
   744 | D:2      | Found a sparkling altar of Nemelex Xobeh.
  1188 | D:2      | Reached skill level 1 in Short Blades
  1188 | D:2      | Reached skill level 1 in Axes
  1188 | D:2      | Reached skill level 1 in Maces & Flails
  1188 | D:2      | Reached skill level 1 in Polearms
  1188 | D:2      | Reached skill level 1 in Staves
  1188 | D:2      | Reached skill level 1 in Slings
  1188 | D:2      | Reached skill level 1 in Bows
  1188 | D:2      | Reached skill level 1 in Crossbows
  1188 | D:2      | Reached skill level 1 in Throwing
  1188 | D:2      | Reached skill level 1 in Stealth
  1188 | D:2      | Reached skill level 1 in Shields
  1188 | D:2      | Reached skill level 1 in Unarmed Combat
  1188 | D:2      | Reached skill level 1 in Evocations
  1188 | D:2      | Reached XP level 4. HP: 34/38 MP: 11/11
  1265 | D:2      | Noticed an ogre
  1451 | D:3      | Reached skill level 1 in Conjurations
  1451 | D:3      | Reached skill level 1 in Hexes
  1451 | D:3      | Reached skill level 1 in Summonings
  1451 | D:3      | Reached skill level 1 in Necromancy
  1451 | D:3      | Reached skill level 1 in Translocations
  1451 | D:3      | Reached skill level 1 in Transmutations
  1451 | D:3      | Reached skill level 1 in Fire Magic
  1451 | D:3      | Reached skill level 1 in Ice Magic
  1451 | D:3      | Reached skill level 1 in Air Magic
  1451 | D:3      | Reached skill level 1 in Earth Magic
  1451 | D:3      | Reached skill level 1 in Poison Magic
  1863 | D:3      | Reached XP level 5. HP: 42/43 MP: 7/12
  1900 | D:3      | Noticed Robin
  1921 | D:3      | Killed Robin
  1923 | D:3      | Slain by a hobgoblin

Levels and vault maps discovered:
D:1:      psy_arrival_whirlpool, layout_basic
D:2:      layout_basic, overflow_temple_1_default
D:3:      layout_loops_cross, marbit_many_paths, minmay_misc_feat_hallway,
          uniq_robin

Skill      XL: |  1  2  3  4 |
---------------+-------------+-----
Spellcasting   | 5 |  5.2
Invocations    | 1 |  1.6
Short Blades   | 1 |  1.4
Axes           | 1 |  1.4
Maces & Flails | 1 |  1.4
Polearms       | 1 |  1.4
Staves         | 1 |  1.4
Slings         | 1 |  1.4
Bows           | 1 |  1.4
Crossbows      | 1 |  1.4
Throwing       | 1 |  1.4
Stealth        | 1 |  1.4
Shields        | 1 |  1.4
Unarmed Combat | 1 |  1.4
Evocations     | 1 |  1.4
Conjurations   | 1 |  1.1
Hexes          | 1 |  1.1
Summonings     | 1 |  1.1
Necromancy     | 1 |  1.1
Translocations | 1 |  1.1
Transmutations | 1 |  1.1
Fire Magic     | 1 |  1.1
Ice Magic      | 1 |  1.1
Air Magic      | 1 |  1.1
Earth Magic    | 1 |  1.1
Poison Magic   | 1 |  1.1
Fighting       | |  4.7
Long Blades    | |  4.7
Armour         | |  2.9
Dodging        | |  4.7
Charms         | |  5.5

Action                   |  1- 3 |  4- 6 || total
-------------------------+-------+-------++-------
Melee: Falchion          |    98 |    77 ||   175
       Bite              |    17 |    16 ||    33
Throw: Stone             |     5 |       ||     5
 Cast: Infusion          |     3 |       ||     3
       Shroud of Golubri |     3 |     3 ||     6
       Song of Slaying   |     1 |     2 ||     3
       Spectral Weapon   |     1 |     2 ||     3
       Ozocubu's Armour  |     1 |     1 ||     2
  Use: Scroll            |       |     1 ||     1
 Stab: Sleeping          |     2 |     1 ||     3
       Distracted        |       |     1 ||     1
  Eat: Chunk             |     1 |     3 ||     4
Armor: Leather armour    |    17 |    11 ||    28
Dodge: Dodged            |    64 |    57 ||   121
       Rpst.: Falchion   |    19 |    19 ||    38

Table legend:
 A = Non-vault XP
 B = Vault XP
 C = Vault XP percentage of total XP
 D = Non-vault monster count
 E = Vault monster count
 F = Vault count percentage of total count
                 A         B        C        D         E       F
            +---------+---------+-------+---------+---------+-------
      Total |     179 |      36 |  16.7 |      47 |      11 |  19.0
            +---------+---------+-------+---------+---------+-------
        D:1 |      44 |       0 |   0.0 |      26 |       0 |   0.0
        D:2 |      66 |       0 |   0.0 |       8 |       0 |   0.0
        D:3 |      69 |      36 |  34.3 |      13 |      11 |  45.8
            +---------+---------+-------+---------+---------+-------
